 Dungeon Crawl Stone Soup version 0.26-a0-660-gc07710193c (webtiles) character file.

Game seed: 9601166714672217363

469 smeego the Slasher (level 7, 0/42 HPs)
             Began as an Octopode Fighter on Oct 7, 2020.
             Was an Initiate of Gozag.
             Slain by Edmund
             ... wielding a +2 dire flail of protection
              (10 damage)
             ... on level 4 of the Dungeon.
             The game lasted 00:04:22 (5464 turns).

smeego the Slasher (Octopode Fighter)               Turns: 5464, Time: 00:04:22

Health: 0/42       AC:  1    Str: 16    XL:     7   Next: 9%
Magic:  7/7        EV: 12    Int: 10    God:    Gozag
Gold:   540        SH:  9    Dex: 11    Spells: 6/6 levels left

rFire    + . .     SeeInvis .   a - +0 long sword
rCold    . . .     Faith    .   b - +0 kite shield
rNeg     . . .     Spirit   .   (helmet restricted)
rPois    .         Reflect  .   (no amulet)
rElec    .         Harm     .   p - ring of attention (curse)
rCorr    .         Rampage  .   s - ring of protection from fire
MR       .....                  (no ring)
Stlth    ++........             (no ring)
HPRegen  0.14/turn              (no ring)
MPRegen  0.10/turn              (no ring)
                                (no ring)
                                (no ring)

@: mighty
A: almost no armour, stealthy swim, amphibious, 8 rings, constrict 8, camouflage
1, dopey 1, frail 1, mutation resistance 1, gelatinous body 1
a: Potion Petition, Call Merchant, Bribe Branch, Renounce Religion


You were on level 4 of the Dungeon.
You worshipped Gozag.
Gozag was pleased with you.
You visited 1 branch of the dungeon, and saw 5 of its levels.

You collected 571 gold pieces.
You paid 31 gold pieces to Gozag.

Inventory:

Hand Weapons
 a - a +0 long sword (weapon)
Missiles
 m - 9 poisoned darts (quivered)
Armour
 b - a +0 kite shield (worn)
Jewellery
 p - a cursed ring of attention (left tentacle)
 q - an uncursed amulet of the acrobat
 s - a ring of protection from fire (right tentacle)
Wands
 r - a wand of enslavement (6)
Scrolls
 e - 2 scrolls of immolation {unknown}
 f - 2 scrolls of identify
 g - a scroll of blinking {unknown}
 h - 2 scrolls of teleportation {unknown}
 j - a scroll of magic mapping {unknown}
 k - a scroll of remove curse {unknown}
 n - a scroll of fear {unknown}
Potions
 c - 2 potions of might
 d - a potion of brilliance {unknown}
 i - a potion of curing
 o - a potion of flight
 t - a potion of haste {unknown}


   Skills:
 + Level 3.8 Fighting
 * Level 4.1 Long Blades
 + Level 1.9 Throwing
 + Level 3.9 Dodging
 + Level 3.1 Stealth
 + Level 4.0 Shields
 + Level 2.1 Unarmed Combat


You had 6 spell levels left.
You didn't know any spells.
Your spell library was empty.

Dungeon Overview and Level Annotations

Branches:
Dungeon (5/15)
 Temple: D:4-7

Altars:
Dithmenos
Elyvilon
Fedhas
Gozag
Kikubaaqudgha
Okawaru
Qazlal

Shops:
D:5 :

Annotations:
D:4 Edmund, Grinder


Innate Abilities, Weirdness & Mutations

You cannot wear most types of armour.
You are very stealthy in the water. (Stealth+)
You are amphibious.
You can wear up to eight rings at the same time.
You can use your tentacles to constrict eight enemies at once.
Your skin changes colour to match your surroundings (Stealth+).
Your rubbery body absorbs attacks. (AC +1, EV +1)
You are dopey. (Int -2)
You are frail. (-10% HP)
You are somewhat resistant to further mutation.


Message History

You slash Edmund!
Edmund is heavily wounded.
You constrict Edmund.
Edmund hits you with a +2 dire flail of protection.
You hit Edmund. You squeeze Edmund!
Edmund is severely wounded.
You constrict Edmund.
Edmund hits you with a +2 dire flail of protection.
You completely miss Edmund.
Edmund is severely wounded.
You constrict Edmund, but do no damage.
Edmund hits you with a +2 dire flail of protection!
* * * LOW HITPOINT WARNING * * *
Unknown command.
You hit Edmund.
Edmund is severely wounded.
You constrict Edmund.
Edmund hits you with a +2 dire flail of protection!
You die...
Your body crumbles into a pile of gold.

#≈##.....## #.####..## ##.#
#.#.......## #.......# ##..#
.≈.........####......########...#
...........'....$.###............
^..........####$.5# #.#####......
≈.#.......## ##>.###.# #.##..#
#.##.....## #.#...## #.#####
..###...## #@##### #.# ≈## ##'##
#@# #.# ## #.# #.# ###.##### #.#
#.# #.......# ##.## #.# #.#.###.#
##...## #.# #)#.###.#
#.....#######.# #)#......
#####.<.#........# #.#####.#
.....#.##.######## #.# #.#
#####.###.# #>#####.#


You could see Edmund and Grinder.

Vanquished Creatures
  An ogre (D:4)
  2 orc wizards (D:4)
  A bullfrog skeleton (D:5)
  A hound (D:4)
  Jessica (D:2)
  Natasha (twice) (D:4)
  3 worker ants (D:4)
  2 adders (D:2)
  A white imp (D:4)
  2 oozes
  An adder skeleton (D:4)
  A worm (D:2)
  2 dart slugs (D:1)
  3 leopard geckos
  13 orcs
  A bat zombie (D:3)
  A giant cockroach (D:1)
  9 goblins
  5 hobgoblins
  10 jackals
  A ball python (D:1)
  5 bats (D:1)
  2 frilled lizards (D:2)
  3 kobolds
  A quokka skeleton (D:4)
  3 rats (D:1)
  A rat zombie (D:3)
78 creatures vanquished.

Notes
Turn   | Place    | Note
-------+----------+-------------------------------------------
     0 | D:1      | smeego the Octopode Fighter began the quest for the Orb.
     0 | D:1      | Reached XP level 1. HP: 16/16 MP: 1/1
    66 | D:1      | Reached XP level 2. HP: 20/21 MP: 2/2
   627 | D:1      | Reached XP level 3. HP: 26/26 MP: 3/3
   817 | D:2      | Reached skill level 1 in Stealth
   914 | D:2      | Found an opulent altar of Gozag.
   922 | D:2      | Became a worshipper of Gozag Ym Sagoz the Greedy
   994 | D:2      | Noticed Jessica
   996 | D:2      | Killed Jessica
   996 | D:2      | Reached skill level 1 in Unarmed Combat
   996 | D:2      | Reached XP level 4. HP: 31/31 MP: 4/4
   999 | D:2      | Found a shadowy altar of Dithmenos.
  1360 | D:2      | Reached skill level 1 in Throwing
  2000 | D:3      | Found a white marble altar of Elyvilon.
  2227 | D:3      | Found an iron altar of Okawaru.
  2299 | D:3      | Found an ancient bone altar of Kikubaaqudgha.
  2598 | D:4      | Reached XP level 5. HP: 34/36 MP: 5/5
  2847 | D:4      | Gained mutation: You are agile. (Dex +2) [potion of
                  | mutation]
  2847 | D:4      | Gained mutation: Your system is resistant to poisons.
                  | (rPois) [potion of mutation]
  2848 | D:4      | Lost mutation: Your system is resistant to poisons. (rPois)
                  | [potion of mutation]
  2848 | D:4      | Lost mutation: You are agile. (Dex +2) [potion of mutation]
  2848 | D:4      | Gained mutation: You are partially covered in molten
                  | scales. (AC +2) [potion of mutation]
  2848 | D:4      | Gained mutation: You are mostly covered in molten scales.
                  | (AC +3) [potion of mutation]
  2856 | D:4      | Found a blossoming altar of Fedhas.
  3170 | D:4      | Reached XP level 6. HP: 38/42 MP: 6/6
  3600 | D:4      | Lost mutation: You are mostly covered in molten scales. (AC
                  | +3) [potion of mutation]
  3600 | D:4      | Lost mutation: You are partially covered in molten scales.
                  | (AC +2) [potion of mutation]
  3600 | D:4      | Gained mutation: You are frail. (-10% HP) [potion of
                  | mutation]
  3600 | D:4      | Gained mutation: You are agile. (Dex +2) [potion of
                  | mutation]
  3601 | D:4      | Lost mutation: You are agile. (Dex +2) [potion of mutation]
  3601 | D:4      | Gained mutation: You are dopey. (Int -2) [potion of
                  | mutation]
  3601 | D:4      | Gained mutation: You are somewhat resistant to further
                  | mutation. [potion of mutation]
  3696 | D:4      | Noticed Natasha
  3706 | D:4      | Killed Natasha
  4056 | D:4      | Found a stormy altar of Qazlal.
  4408 | D:5      | Entered Level 5 of the Dungeon
  4408 | D:5      | Found Cire's Book Shoppe.
  4983 | D:5      | Noticed Grinder
  4984 | D:5      | Reached XP level 7. HP: 33/42 MP: 7/7
  4989 | D:5      | Noticed Edmund
  5122 | D:4      | Noticed Natasha
  5131 | D:4      | Killed Natasha
  5464 | D:4      | Slain by Edmund

Illustrated notes

Levels and vault maps discovered:
D:1:      tarquinn_simple_flora_water_f, layout_basic
D:2:      layout_rooms, nicolae_gozag_seed_capital,
          nicolae_dithmenos_through_a_glass_darkly, uniq_jessica
D:3:      layout_basic, overflow_temple_1_default, elyvilon_altar_4,
          lemuel_zombie_altar_kikubaaqudgha
D:4:      layout_loops_corners, kennysheep_mini_moat, minmay_fountain_box,
          grunt_qazlal_sundering, uniq_natasha
D:5:      layout_rooms, zin_treasury, serial_shops, shop_statue,
          solitary_fountain, uniq_grinder, uniq_sigmund, uniq_edmund

Skill      XL: |  1  2  3  4  5  6  7 |
---------------+----------------------+-----
Stealth        | 1 2 3 |  3.1
Unarmed Combat | 1 2 |  2.1
Throwing       | 1 |  1.9
Long Blades    | 3 4 |  4.1
Shields        | 4 |  4.0
Fighting       | |  3.8
Dodging        | |  3.9

Action                   |  1- 3 |  4- 6 |  7- 9 || total
-------------------------+-------+-------+-------++-------
Melee: Long sword        |    33 |   103 |    16 ||   152
       Constrict         |     9 |    35 |     6 ||    50
       Tentacles         |     7 |    24 |     4 ||    35
       Punch             |       |       |     1 ||     1
  Use: Scroll            |       |     5 |       ||     5
       Potion            |       |     5 |     1 ||     6
 Stab: Sleeping          |     2 |     6 |       ||     8
Armor: Skin              |     2 |     5 |     1 ||     8
Dodge: Dodged            |    14 |    68 |     5 ||    87
Block: Kite shield       |    12 |    42 |    11 ||    65
       Rpst.: Long sword |     6 |    24 |     3 ||    33

Table legend: (Time is in decaauts)
 A = Elapsed time spent in this place.
 B = Non-inter-level travel time spent in this place.
 C = Inter-level travel time spent in this place.
 D = Time resting spent in this place.
 E = Time spent auto-exploring this place.
 F = Levels seen in this place.
 G = Mean time per level.
                   A        B        C        D        E       F      G
               +--------+--------+--------+--------+--------+-----+--------+
         Total |   5527 |   5249 |    278 |   1740 |   2941 |   5 | 1105.4 |
       Dungeon |   5527 |   5249 |    278 |   1740 |   2941 |   5 | 1105.4 |
               +--------+--------+--------+--------+--------+-----+--------+

Top non-repeatable levels by time:
     D:4: 2778 daAuts
     D:2: 991 daAuts
     D:3: 891 daAuts
     D:1: 824 daAuts
     D:5: 41 daAuts
